 Dungeon Crawl Stone Soup version 0.27-a0-705-ga0013940fb (webtiles) character file.

Game seed: 4524238671812010085

138 porpoise the Conjurer (level 5, -2/28 HPs)
             Began as a Tengu Conjurer on Mar 23, 2021.
             Slain by Pikel
             ... wielding a +2 whip of flaming
              (13 damage)
             ... on level 4 of the Dungeon.
             The game lasted 00:11:29 (3465 turns).

porpoise the Conjurer (Tengu Conjurer)              Turns: 3465, Time: 00:11:30

Health: -2/28      AC:  3    Str:  7    XL:     5   Next: 21%
Magic:  5/11       EV: 12    Int: 20    God:
Gold:   72         SH:  0    Dex: 12    Spells: 4/11 levels left

rFire    . . .     SeeInvis .   a - +0 trident
rCold    . . .     Faith    .   (no shield)
rNeg     . . .     Spirit   .   d - +1 robe
rPois    .         Reflect  .   (helmet restricted)
rElec    .         Harm     .   s - scarf {+Inv}
rCorr    .         Rampage  .   (no gloves)
Will     .....                  (boots unavailable)
Stlth    ++........             (no amulet)
HPRegen  0.09/turn              (no ring)
MPRegen  0.12/turn              (no ring)

@: no status effects
A: beak, talons 3, able to fly
a: Fly, Evoke Invisibility


You were on level 4 of the Dungeon.
You visited 1 branch of the dungeon, and saw 4 of its levels.

You collected 72 gold pieces.

Inventory:

Hand Weapons
 a - a +0 trident (weapon)
 w - a +0 short sword of holy wrath
Missiles
 b - 128 stones
 f - 11 boomerangs (quivered)
 i - 34 bolts
 m - 23 sling bullets
Armour
 d - a +1 robe (worn)
 r - a +1 ring mail of willpower
 s - a scarf of invisibility (worn)
Wands
 h - a wand of random effects (13)
 o - a wand of iceblast (26)
 t - a wand of paralysis (9)
Scrolls
 c - a scroll of fog {unknown}
 e - a scroll of enchant armour
 l - a scroll of fear {unknown}
 n - a scroll of enchant weapon {unknown}
 q - a scroll of magic mapping {unknown}
Potions
 g - a potion of lignification
 j - 2 potions of curing
 k - a potion of haste {unknown}
 p - a potion of flight {unknown}


   Skills:
 - Level 2.1 Dodging
 - Level 2.0 Stealth
 + Level 3.7 Spellcasting
 - Level 7.0 Conjurations


You had 4 spell levels left.
You knew the following spells:

 Your Spells              Type           Power      Damage    Failure   Level
a - Magic Dart            Conj           100%       1d8       1%          1
b - Searing Ray           Conj           62%        3d5       1%          2
c - Iskenderun's Mystic   Conj/Tloc      17%        2d5       30%         4

Your spell library contained the following spells:

 Spells                   Type           Power      Damage    Failure   Level
 Dazzling Flash           Conj/Hex       34%        N/A       10%         3
 Fulminant Prism          Conj/Hex       8%         3d7       30%         4
 Haunt                    Necr/Summ      1%         N/A       100%        7
 Malign Gateway           Summ/Tloc      1%         N/A       100%        7
 Monstrous Menagerie      Summ           1%         N/A       100%        7
 Summon Horrible Things   Summ           1%         N/A       100%        8


Dungeon Overview and Level Annotations

Branches:
Dungeon (4/15)
 Temple: D:4-7

Altars:
Ru
Trog

Annotations:
D:4 Pikel


Innate Abilities, Weirdness & Mutations

You have a beak for a mouth.
You have claws for feet.
You can fly continuously.


Message History

The puff of flame hits you!
Casting: Magic Dart (safe; 1% risk of failure)
Confirm with . or Enter, or press ? or * to list all spells.
Aiming: Searing Ray (safe; 1% risk of failure)
Press: ? - help, Shift-Dir - straight line, f/p - orc wizard
Aim: an orc wizard, wielding a +0 dagger and wearing a +0 robe (26% to evade)
The searing ray hits the orc wizard.
The orc wizard is moderately wounded. (Press . to maintain the ray.)
The orc wizard casts a spell at you. The puff of flame hits you.
The searing ray hits the orc wizard!
The orc wizard is almost dead.
The orc wizard casts a spell at you. The magic dart hits you.
The searing ray hits the orc wizard!
You kill the orc wizard!
The searing ray hits the orc!
The orc is almost dead.
Training target 7.0 for Conjurations reached!
Your Conjurations skill increases to level 7!
You have reached level 5!
You have gained the ability to fly.
The searing ray hits the orc!
You kill the orc!
You finish channeling your searing ray.
You start resting.
Pikel the Slaver comes into view.
He is wielding a +2 whip of flaming.
Casting: Searing Ray (safe; 1% risk of failure)
Confirm with . or Enter, or press ? or * to list all spells.
Aiming: Searing Ray (safe; 1% risk of failure)
Press: ? - help, Shift-Dir - straight line, f - Pikel
Aim: Pikel, wielding a +2 whip of flaming and wearing a +0 robe (wandering, hasn't noticed you, 26% to evade)
The searing ray hits Pikel.
Pikel is lightly wounded.
Pikel shouts! (Press . to maintain the ray.)
You hear a shout! x2
Pikel hits you with a +2 whip of flaming!
You die...

#..# ####... ##
##.....## # #.
......... .#
##.##...#.. .# ..#
#.K...# #.##.#...# #@#
###........#
#.###)..).# #h.
#.#...###.# #.# #))..##
#.# #.# #.........# #.#
#.#
###o.....#####.####.#
.o..#....###......#.##.
#####....##............
#..####..........#..


You could see Pikel.

Vanquished Creatures
  An orc wizard (D:4)
  4 adders
  2 worms (D:2)
  A dart slug (D:2)
  5 orcs
  5 ball pythons
  4 bats
  5 giant cockroaches
  4 hobgoblins
  2 jackals (D:4)
  7 oozes
  5 quokkas
  5 frilled lizards
  5 goblins
  5 kobolds
  3 rats
63 creatures vanquished.

Notes
Turn   | Place    | Note
-------+----------+-------------------------------------------
     0 | D:1      | porpoise the Tengu Conjurer began the quest for the Orb.
     0 | D:1      | Reached XP level 1. HP: 10/10 MP: 4/4
   355 | D:1      | Reached XP level 2. HP: 15/15 MP: 6/6
   391 | D:1      | Learned a level 2 spell: Searing Ray
  1308 | D:2      | Reached XP level 3. HP: 19/19 MP: 4/7
  1346 | D:2      | Reached skill level 6 in Conjurations
  2139 | D:2      | Found a sacrificial altar of Ru.
  2245 | D:2      | Reached XP level 4. HP: 24/24 MP: 7/9
  2322 | D:2      | Learned a level 4 spell: Iskenderun's Mystic Blast
  2601 | D:3      | Found a bloodstained altar of Trog.
  3448 | D:4      | Reached skill level 7 in Conjurations
  3448 | D:4      | Gained mutation: You can fly continuously. [Tengu growth]
  3448 | D:4      | Reached XP level 5. HP: 9/28 MP: 5/11
  3464 | D:4      | Noticed Pikel
  3465 | D:4      | Slain by Pikel

Illustrated notes

Levels and vault maps discovered:
D:1:      dpeg_arrival_pond, layout_loops_corners
D:2:      layout_rooms, lemuel_doored_altar
D:3:      layout_basic, bloody_trog, minivault_23
D:4:      layout_rooms, lemuel_crystal_altar, small_statue_intersection,
          uniq_pikel

Skill      XL: |  1  2  3  4 |
---------------+-------------+-----
Conjurations   | 6 7 |  7.0
Spellcasting   | 3 |  3.7
Dodging        | |  2.1
Stealth        | |  2.0

Action                   |  1- 3 |  4- 6 || total
-------------------------+-------+-------++-------
Melee: Dagger            |    12 |       ||    12
       Peck              |     2 |     2 ||     4
       Kick              |     2 |     1 ||     3
       Short sword       |    13 |    11 ||    24
       Mace              |     7 |       ||     7
Throw: Boomerang         |       |     6 ||     6
 Cast: Magic Dart        |    56 |    28 ||    84
       Searing Ray       |     2 |     5 ||     7
  Use: Scroll            |       |     3 ||     3
 Stab: Sleeping          |     3 |     1 ||     4
Armor: Robe              |     9 |     4 ||    13
Dodge: Dodged            |    13 |     6 ||    19

Table legend: (Time is in decaauts)
 A = Elapsed time spent in this place.
 B = Non-inter-level travel time spent in this place.
 C = Inter-level travel time spent in this place.
 D = Time resting spent in this place.
 E = Time spent auto-exploring this place.
 F = Levels seen in this place.
 G = Mean time per level.
                   A        B        C        D        E       F      G
               +--------+--------+--------+--------+--------+-----+--------+
         Total |   3466 |   3344 |    122 |   1315 |   1597 |   4 |  866.5 |
       Dungeon |   3466 |   3344 |    122 |   1315 |   1597 |   4 |  866.5 |
               +--------+--------+--------+--------+--------+-----+--------+

Top non-repeatable levels by time:
     D:1: 1243 daAuts
     D:2: 1114 daAuts
     D:3: 866 daAuts
     D:4: 241 daAuts
